Map: Torches LE

Players

Solar - Winner!

  • Race: Zerg Zerg
  • Spawn Location: 5:00

Classic

  • Race: Protoss Protoss
  • Spawn Location: 1:00

Event: Esports World Cup 2025

VOD

Have the link to the VOD?

Description

Time

  • Played on: July 25, 2025, 8:12 a.m.
  • Length: 13:08

All games in this series

Show
View Real Time Build Order
Export as new Build Order

Solar Zerg - Winner!

Build Orders: Hatch First 

Get SALT Encoding   

  12  0:00  Drone  
  13  0:07  Drone  
  14  0:16  Drone, Extractor  
  15  0:23  Overlord  
  15  0:42  Drone  
  16  0:51  Hatchery  
  16  0:52  Drone  
  16  0:56  Drone  
  17  0:59  Drone  
  18  1:09  Extractor  
  17  1:16  Spawning Pool  
  16  1:19  Drone  
  16  1:22  Drone  
  18  1:28  Drone  
  19  1:39  Drone  
  20  2:03  Zergling x6  
  23  2:13  Zergling x2  
  23  2:14  Zergling x2  
  25  2:18  Metabolic Boost  
  25  2:29  Zergling x4  
  27  2:39  Zergling x2  
  26  2:45  Zergling x2  
  26  3:04  Overlord  
  26  3:16  Hatchery  
  25  3:22  Overlord  
  25  3:34  Queen  
  25  3:37  Drone  
  25  3:41  Drone  
  29  3:48  Drone  
  30  3:58  Drone  
  31  4:06  Drone  
  31  4:09  Queen  
  31  4:17  Overlord  
  33  4:23  Drone  
  34  4:28  Queen  
  34  4:29  Drone  
  37  4:33  Drone, Spore Crawler  
  37  4:39  Drone  
  37  4:42  Drone x3  
  41  4:48  Drone  
  41  4:52  Drone  
  43  4:56  Spore Crawler  
  43  4:57  Drone, Queen  
  45  5:03  Drone  
  44  5:10  Drone  
  44  5:12  Overlord  
  45  5:19  Roach Warren  
  45  5:20  Drone  
  45  5:22  Extractor  
  45  5:24  Drone x2  
  45  5:27  Drone  
  49  5:37  Overlord  
  49  5:47  Drone  
  49  5:49  Drone  
  53  5:50  Drone  
  53  5:53  Lair  
  52  5:58  Drone x2  
  52  5:59  Drone x2  
  56  6:08  Overlord  
  56  6:10  Drone x3  
  56  6:11  Hatchery  
  56  6:14  Roach  
  56  6:18  Roach  
  60  6:20  Extractor  
  60  6:22  Overlord  
  60  6:25  Drone  
  60  6:27  Extractor  
  60  6:28  Drone x2  
  61  6:34  Drone x2  
  61  6:36  Ravager  
  61  6:39  Ravager  
  65  6:42  Drone x3  
  65  6:44  Queen  
  65  6:46  Overlord  
  69  6:55  Spire  
  69  7:00  Queen  
  70  7:05  Zergling x6  
  72  7:13  Overlord  
  72  7:16  Drone  
  72  7:17  Drone  
  74  7:24  Overlord  
  74  7:29  Queen x2  
  78  7:34  Overlord  
  78  7:37  Glial Reconstitution  
  78  7:39  Drone x2  
  78  7:40  Drone x2  
  79  7:56  Drone, Queen  
  82  8:08  Corruptor x5  
  82  8:10  Corruptor  
  86  8:15  Corruptor  
  88  8:22  Corruptor  
  88  8:26  Roach x2  
  91  8:28  Drone x2  
  91  8:29  Drone  
  91  8:32  Drone  
  90  8:37  Drone x2  
  92  8:47  Drone x2  
  93  8:49  Overlord  
  93  8:52  Drone x3  
  96  8:59  Extractor, Roach x2  
  99  9:04  Roach x2  
  99  9:08  Roach x3  
  99  9:09  Ravager x2  
  107  9:12  Zergling x2  
  106  9:18  Roach  
  106  9:19  Roach x3  
  106  9:23  Zergling x4  
  108  9:27  Roach  
  108  9:28  Roach  
  97  9:33  Zergling x8  
  95  9:38  Corruptor  
  95  9:42  Zergling x2  
  93  9:49  Corruptor  
  93  9:52  Zergling x8  
  99  9:57  Corruptor  
  101  10:00  Zergling x2  
  101  10:01  Zergling x2  
  101  10:03  Zergling x2  
  101  10:04  Zergling x2  
  102  10:13  Ravager  
  96  10:21  Zergling x6  
  100  10:30  Zergling x2, Roach  
  100  10:38  Roach x5  
  100  10:42  Overlord x2  
  106  10:45  Ravager x2  
  106  10:46  Overlord x2  
  106  10:58  Overlord  
  106  11:00  Roach x3  
  106  11:01  Roach  
  106  11:02  Ravager x2  
  114  11:06  Roach  
  114  11:10  Ravager x4  
  119  11:14  Roach  
  119  11:16  Zergling x4  
  119  11:18  Zergling x2  
  121  11:21  Roach  
  121  11:23  Ravager  
  124  11:28  Roach x2  
  124  11:30  Zergling x2  
  124  11:31  Ravager  
  124  11:32  Zergling x2  
  131  11:35  Zergling x2  
  131  11:39  Roach  
  134  11:41  Roach  
  134  11:42  Roach  
  134  11:45  Roach  
  134  11:49  Overlord  
  134  11:51  Zergling x4  
  134  11:53  Zergling x2  
  135  11:58  Ravager x3  
  135  11:59  Zergling x2  
  135  12:00  Zergling x4  
  140  12:04  Roach  
  140  12:07  Ravager  
  143  12:10  Zergling x8  
  143  12:15  Zergling x6  
  149  12:20  Roach  
  149  12:23  Roach x2  
  143  12:32  Roach x3  
  143  12:35  Roach  
  133  12:37  Overseer x2  
  133  12:41  Roach  
  128  12:44  Roach x2  
  128  12:50  Zergling x2  
  129  12:57  Ravager  
Show
View Real Time Build Order
Export as new Build Order

Classic Protoss 

Build Orders:  

Get SALT Encoding   

  12  0:00  Probe  
  13  0:12  Probe  
  14  0:17  Pylon  
  14  0:24  Probe  
  15  0:33  Probe  
  15  0:35  Gateway  
  15  0:41  Probe  
  16  0:46  Assimilator  
  17  0:51  Probe  
  18  1:03  Probe  
  19  1:15  Forge, Zealot  
  19  1:19  Probe  
  22  1:34  Pylon  
  22  1:45  Pylon  
  22  1:53  Photon Cannon  
  22  1:55  Probe  
  22  1:58  Pylon  
  23  2:14  Pylon  
  23  2:17  Cybernetics Core  
  23  2:19  Photon Cannon  
  23  2:27  Probe  
  24  2:34  Photon Cannon  
  24  2:44  Adept  
  24  2:46  Pylon  
  23  2:52  Assimilator  
  23  2:56  Warp Gate  
  24  3:01  Pylon  
  24  3:04  Gateway  
  24  3:13  Adept  
  24  3:19  Gateway  
  25  3:26  Probe  
  26  3:30  Stargate  
  26  3:38  Probe  
  27  3:41  Pylon  
  27  3:43  Pylon  
  27  3:46  Adept  
  29  3:50  Probe  
  30  4:04  Oracle, Gateway  
  33  4:30  Nexus  
  33  4:38  Probe  
  34  4:44  Adept x2  
  38  4:58  Fleet Beacon  
  38  5:03  Probe  
  39  5:15  Probe  
  39  5:18  Shield Battery  
  40  5:27  Probe  
  41  5:31  Assimilator  
  41  5:33  Stargate  
  41  5:40  Stalker  
  43  5:47  Tempest  
  47  6:00  Probe  
  47  6:01  Probe  
  49  6:05  Tempest  
  49  6:20  Probe  
  49  6:21  Probe  
  55  6:32  Probe  
  56  6:33  Probe  
  57  6:40  Tempest  
  57  6:44  Pylon, Probe  
  62  6:51  Tempest  
  62  7:01  Pylon  
  64  7:16  Gateway  
  64  7:17  Gateway  
  64  7:18  Protoss Ground Weapons Level 1  
  64  7:19  Gateway  
  61  7:23  Probe  
  62  7:36  Tempest  
  66  7:39  Probe  
  67  7:49  Gateway  
  67  7:56  Sentry, Stalker  
  71  7:59  Pylon  
  71  8:00  Probe  
  72  8:20  Stalker x4  
  80  8:40  Pylon  
  77  8:49  Stalker x4  
  81  8:56  Stalker  
  79  9:11  Stalker  
  79  9:13  Stalker x2  
  85  9:19  Stalker  
  59  9:52  Sentry, Stalker  
  63  9:53  Nexus  
  59  10:08  Stalker x2  
  59  10:18  Twilight Council  
  59  10:23  Stalker x2  
  62  10:30  Stalker  
  60  10:41  Stalker x2  
  64  10:45  Probe x2  
  66  10:51  Stalker  
  68  10:57  Stalker  
  68  11:02  Stalker  
  72  11:06  Nexus  
  71  11:12  Dark Shrine  
  71  11:30  Shield Battery  
  69  11:49  Stalker x3  
  73  12:07  Pylon  
  73  12:08  Stalker  
  75  12:26  Dark Templar x2  
  39  12:38  Dark Templar  
Tags
 
Add a new tag
Caveats
  • Supply blocks, unpowered buildings, or Contaminate may cause inaccurate times.
  • Supply counts are checked every 10 seconds.